 Dungeon Crawl Stone Soup version 0.25-a0-719-gde951dce62 (webtiles) character file.

Game seed: 12599762094521256305, levelgen mode: deterministic

141 MisterFreud the Changer (level 5, 0/33 HPs)
             Began as an Octopode Transmuter on Apr 6, 2020.
             Shot with an arrow by a centaur (8 damage)
             ... on level 4 of the Dungeon.
             The game lasted 00:04:49 (3776 turns).

MisterFreud the Changer (Octopode Transmuter)       Turns: 3776, Time: 00:04:50

Health: 0/33       AC:  1    Str: 10    XL:     5   Next: 24%
Magic:  9/9        EV: 13    Int: 16    God:
Gold:   106        SH:  0    Dex: 12    Spells: 4/10 levels left

rFire    . . .     SeeInvis .     - Unarmed
rCold    . . .     Gourm    .   (no shield)
rNeg     . . .     Faith    .   (helmet restricted)
rPois    .         Spirit   .   (no amulet)
rElec    .         Reflect  .   (no ring)
rCorr    .         Harm     .   (no ring)
MR       .....                  (no ring)
Stlth    ++........             (no ring)
HPRegen  0.11/turn              (no ring)
MPRegen  0.11/turn              (no ring)
                                (no ring)
                                (no ring)

@: no status effects
A: almost no armour, stealthy swim, amphibious, 8 rings, constrict 8, camouflage
1, gelatinous body 1
a: no special abilities


You were on level 4 of the Dungeon.
You were not hungry.

You visited 1 branch of the dungeon, and saw 4 of its levels.

You collected 106 gold pieces.

Inventory:

Hand Weapons
 g - a +0 hunting sling of freezing
Missiles
 a - 40 arrows
 b - 189 stones (quivered)
 d - 12 sling bullets
 n - 7 poisoned darts
 o - 23 bolts
 v - 3 curare-tipped darts
Armour
 u - a +0 kite shield
Jewellery
 h - an uncursed ring of fire
Wands
 p - a wand of polymorph (5)
Scrolls
 f - a scroll of remove curse {unknown}
 i - a scroll of teleportation {unknown}
 j - a scroll of amnesia {unknown}
 q - 2 scrolls of enchant armour {unknown}
 t - 2 scrolls of identify
 w - a scroll of magic mapping {unknown}
 x - a scroll of immolation {unknown}
Potions
 e - a potion of degeneration {unknown}
 k - 2 potions of haste
 l - 2 potions of cancellation
 r - a potion of curing
 s - 4 potions of heal wounds {unknown}
 z - a potion of might {unknown}
Comestibles
 c - 6 rations
 m - 5 chunks of flesh


   Skills:
 - Level 1.0 Fighting
 - Level 2.0 Dodging
 - Level 3.0 Unarmed Combat
 + Level 3.1 Spellcasting
 * Level 4.5 Transmutations


You had 4 spell levels left.
You knew the following spells:

 Your Spells              Type           Power        Failure   Level  Hunger
a - Beastly Appendage     Tmut           ###...       3%          1    None
b - Sticks to Snakes      Tmut           ###.....     4%          2    ##.....
c - Spider Form           Tmut/Pois      #.........   22%         3    ###....

Your spell library contained the following spells:

 Spells                   Type           Power        Failure   Level  Hunger
 Ice Form                 Ice/Tmut       #.......     58%         4    ####...
 Blade Hands              Tmut           ###.......   63%         5    ######.


Dungeon Overview and Level Annotations

Branches:
Dungeon (4/15)
 Temple: D:4-7

Altars:
Qazlal
Uskayaw


Innate Abilities, Weirdness & Mutations

You cannot wear most types of armour.
You are very stealthy in the water. (Stealth+)
You are amphibious.
You can wear up to eight rings at the same time.
You can use your tentacles to constrict eight enemies at once.
Your skin changes colour to match your surroundings (Stealth+).
Your rubbery body absorbs attacks. (AC +1, EV +1)


Message History

You tentacle-slap the ball python but do no damage.
You grab the ball python. You constrict the ball python.
The ball python barely misses you. The ball python constricts you.
You tentacle-slap the ball python.
You kill the ball python!
The centaur wields a +0 shortbow.
The centaur shoots an arrow.
The arrow barely misses you.
The centaur shoots an arrow.
The arrow barely misses you.
Found an embroidered scarf.
The centaur shoots an arrow.
The arrow completely misses you.
The centaur shoots an arrow.
The arrow closely misses you.
Things that are here:
3 arrows; a +0 flail; a cursed +0 chain mail The centaur shoots an arrow.
The arrow hits you!
Ouch! That really hurt!
You see here an arrow.
The centaur shoots an arrow.
The arrow hits you!
* * * LOW HITPOINT WARNING * * *
The centaur shoots an arrow.
The arrow hits you!
You die...

#.....# #.....#
#.....# #.....#
####.....#
####....#.###
##....####.#
#..#### .# #@##
.# ##.# ## #..#
..# # ###.###....
..# ##..(....#
#...##........# #
#.........##...
....#..c(.##.....
[.......†.# .....


You could see a centaur.

Vanquished Creatures
  5 adders
  An ooze (D:1)
  A worm (D:2)
  2 dart slugs (D:3)
  3 leopard geckos (D:2)
  An orc (D:4)
  5 giant cockroaches
  9 hobgoblins
  9 jackals (D:2)
  A ball python (D:4)
  8 bats
  4 frilled lizards
  12 goblins
  9 kobolds
  9 rats
79 creatures vanquished.

Notes
Turn   | Place    | Note
-------+----------+-------------------------------------------
     0 | D:1      | MisterFreud the Octopode Transmuter began the quest for the
                  | Orb.
     0 | D:1      | Reached XP level 1. HP: 13/13 MP: 3/3
   242 | D:1      | Reached XP level 2. HP: 17/18 MP: 5/5
   576 | D:1      | Reached skill level 3 in Transmutations
   602 | D:1      | Reached XP level 3. HP: 20/23 MP: 6/6
  1744 | D:2      | Reached XP level 4. HP: 22/28 MP: 8/8
  2188 | D:2      | Learned a level 2 spell: Sticks to Snakes
  2192 | D:2      | Learned a level 3 spell: Spider Form
  2315 | D:2      | Reached skill level 4 in Transmutations
  3023 | D:3      | Noticed a +0 dagger
  3024 | D:3      | Noticed a +0 hand axe
  3027 | D:3      | Found a hide-covered altar of Uskayaw.
  3208 | D:3      | Reached XP level 5. HP: 19/33 MP: 9/9
  3498 | D:3      | Found a stormy altar of Qazlal.
  3692 | D:4      | Noticed a centaur
  3776 | D:4      | Shot with an arrow by a centaur

Levels and vault maps discovered:
D:1:      lemuel_arrival_hallway, layout_basic
D:2:      layout_loops_ring, minmay_tromino_v7
D:3:      layout_basic, nicolae_qazlal_general_emergency,
          dancing_weapons_uskayaw
D:4:      layout_rooms, serial_shops, nicolae_shop_waterfront,
          ebering_dispersal_statue_hall

Skill      XL: |  1  2  3  4 |
---------------+-------------+-----
Transmutations | 3 4 |  4.5
Spellcasting   | 3 |  3.1
Fighting       | |  1.0
Dodging        | |  2.0
Unarmed Combat | |  3.0

Action                   |  1- 3 |  4- 6 || total
-------------------------+-------+-------++-------
Melee: Unarmed           |    92 |   101 ||   193
       Tentacles         |    16 |    18 ||    34
       Constrict         |    25 |    26 ||    51
       Punch             |     3 |     3 ||     6
       Kick              |     4 |     9 ||    13
 Cast: Beastly Appendage |     2 |     3 ||     5
  Use: Scroll            |       |     3 ||     3
 Stab: Sleeping          |       |     3 ||     3
  Eat: Chunk             |     3 |     6 ||     9
Armor: Skin              |     6 |    13 ||    19
Dodge: Dodged            |    70 |    72 ||   142

Table legend:
 A = Non-vault XP
 B = Vault XP
 C = Vault XP percentage of total XP
 D = Non-vault monster count
 E = Vault monster count
 F = Vault count percentage of total count
                 A         B        C        D         E       F
            +---------+---------+-------+---------+---------+-------
      Total |     185 |      17 |   8.4 |      75 |       4 |   5.1
            +---------+---------+-------+---------+---------+-------
        D:1 |      41 |       0 |   0.0 |      25 |       0 |   0.0
        D:2 |      96 |      17 |  15.0 |      32 |       4 |  11.1
        D:3 |      42 |       0 |   0.0 |      15 |       0 |   0.0
        D:4 |       6 |       0 |   0.0 |       3 |       0 |   0.0
            +---------+---------+-------+---------+---------+-------
